 Dungeon Crawl Stone Soup version 0.28-a0-1412-gf95308ed99 (webtiles) character file.

Game seed: 708605683330900632

289 HallandMoats the Skirmisher (level 6, -2/52 HPs)
             Began as a Ghoul Fighter on Jan 6, 2022.
             Slain by an orc wizard (4 damage)
             ... on level 4 of the Dungeon.
             The game lasted 00:03:15 (3751 turns).

HallandMoats the Skirmisher (Ghoul Fighter)         Turns: 3751, Time: 00:03:15

Health: -2/52      AC: -7    Str: 20    XL:     6   Next: 31%
Magic:  5/5        EV:  9    Int: 11    God:
Gold:   142        SH:  0    Dex:  8    Spells: 5/5 levels left

rFire   . . .      SeeInvis .   a - +0 war axe
rCold   + . .      Faith    .   c - +0 buckler
rNeg    + + +      Spirit   .   b - +0 scale mail
rPois   ∞          Reflect  .   (no helmet)
rElec   .          Harm     .   p - +0 cloak
rCorr   .          Rampage  .   (no gloves)
Will    .....                   (no boots)
Stlth   ..........              l - amulet of the acrobat
HPRegen 0.00/turn               h - +6 ring of intelligence
MPRegen 0.09/turn               (no ring)

@: confused, corroded, inhibited regen
A: claws 1, cold resistance 1, negative energy resistance 3, inhibited
regeneration, torment resistance 2
a: no special abilities


You were on level 4 of the Dungeon.
You visited 1 branch of the dungeon, and saw 4 of its levels.

You collected 142 gold pieces.

Inventory:

Hand Weapons
 a - a +0 war axe (weapon)
Armour
 b - a +0 scale mail (worn)
 c - a +0 buckler (worn)
 i - a +0 ring mail of cold resistance
 p - a +0 cloak (worn)
Jewellery
 h - a +6 ring of intelligence (left claw)
 l - an amulet of the acrobat (around neck)
 q - a ring of fire
Wands
 r - a wand of flame (13)
Scrolls
 e - a scroll of torment {unknown}
 j - a scroll of magic mapping {unknown}
 n - 2 scrolls of teleportation {unknown}
 o - a scroll of enchant weapon {unknown}
Potions
 d - 2 potions of might
 f - a potion of cancellation {unknown}
 g - 2 potions of curing {unknown}
 k - a potion of heal wounds
 m - a potion of mutation {unknown}


   Skills:
 + Level 4.3 Fighting
 + Level 2.8 Axes
 + Level 3.4 Armour
 + Level 1.9 Dodging
 * Level 4.2 Shields


You had 5 spell levels left.
You didn't know any spells.
Your spell library contained the following spells:

 Spells                   Type           Power      Damage    Failure   Level
 Call Canine Familiar     Summ           0%         N/A       98%         3
 Portal Projectile        Hex/Tloc       0%         N/A       98%         3
 Leda's Liquefaction      Hex/Erth       0%         N/A       100%        4


Dungeon Overview and Level Annotations

Branches:
Dungeon (4/15)
 Temple: D:4-7

Altars:
Kikubaaqudgha

Portals:
Abyss: D:3

Annotations:
D:3 2 transporters, porpoise's ghost, amateur DsTm


Innate Abilities, Weirdness & Mutations

You thrive by killing the living.
You are immune to poison.
You have sharp fingernails.
Your flesh is cold resistant. (rC+)
You are immune to negative energy. (rN+++)
You do not regenerate when monsters are visible.
You are immune to unholy pain and torment.


Message History

You hit the jelly.
Your claws burn!
The jelly is almost dead.
The jelly hits you.
* * * LOW HITPOINT WARNING * * *
The acid corrodes you!
You are splashed with acid!
* * * LOW HITPOINT WARNING * * *
The jelly barely misses you.
It was a potion of heal wounds.
You feel much better. The jelly hits you.
You are splashed with acid!
* * * LOW HITPOINT WARNING * * *
You hit the jelly but do no damage.
Your claws burn!
* * * LOW HITPOINT WARNING * * *
The jelly is almost dead.
The jelly barely misses you.
You hit the jelly.
You kill the jelly!
You feel better. Something hits you.
* * * LOW HITPOINT WARNING * * *
You miss something.
You hear some strange, mumbled words.
You are confused.
You bump into the rock wall.
Something hits you.
* * * LOW HITPOINT WARNING * * *
You miss something.
An orc wizard appears from thin air!
Reactivating autopickup.
You hear some strange, mumbled words.
Deactivating autopickup; reactivate with Ctrl-A.
Something tries to affect you, but you resist.
You hear some strange, mumbled words.
A puff of flame appears from out of thin air!
The puff of flame hits you!
* * * LOW HITPOINT WARNING * * *
You completely miss something.
You bump into the rock wall.
You feel less confused.
You hear some strange, mumbled words.
You are confused.
You're too confused to move!
The orc wizard hits you with a +0 dagger.
You die...

###.##.#.# #####.# #.....####
.....#.#.#####.(...#####.....##
.#####>.......................#
.# #.#....####...##########.###
.# #.####.# #...# #....
.#####.# #.# #...# #..##
.......# #.# #...######## ##.#
######## #.####........... #..
#.#...@.######### #..#
#.#.###o# #... #.# #.# #.#.
#.#.###)####### #.#.
..#............ #.#.
....?...)...... ####..)........
# #........$.. # #...........


You could see an orc wizard.

Vanquished Creatures
  2 vampire bats (D:3)
  A jelly (D:4)
  Ijyb (D:4)
  6 adders
  3 worms
  2 dart slugs (D:1)
  13 orcs
  3 ball pythons
  4 bat skeletons (D:3)
  3 bat zombies (D:3)
  4 endoplasms
  5 giant cockroaches
  3 goblins
  4 hobgoblins
  7 kobolds
  A quokka (D:4)
  10 bats
  2 frilled lizards
  4 rats
78 creatures vanquished.

Notes
Turn   | Place    | Note
-------+----------+-------------------------------------------
     0 | D:1      | HallandMoats the Ghoul Fighter began the quest for the Orb.
     0 | D:1      | Reached XP level 1. HP: 19/19 MP: 0/0
   420 | D:1      | Reached XP level 2. HP: 26/26 MP: 1/1
  1154 | D:2      | Reached XP level 3. HP: 29/31 MP: 2/2
  1493 | D:2      | Reached skill level 1 in Dodging
  1654 | D:2      | Reached XP level 4. HP: 39/40 MP: 3/3
  2124 | D:3      | Found a transporter.
  2311 | D:3      | Noticed a small abomination
  2313 | D:3      | Found a one-way gate to the infinite horrors of the Abyss.
  2314 | D:3      | Noticed porpoise's ghost (amateur DsTm)
  2336 | D:3      | Noticed a small abomination
  2338 | D:3      | Found a transporter.
  2469 | D:3      | Reached XP level 5. HP: 21/46 MP: 4/4
  2875 | D:3      | Found a faded altar of an unknown god.
  3093 | D:3      | Found an ancient bone altar of Kikubaaqudgha.
  3316 | D:4      | Reached XP level 6. HP: 52/52 MP: 5/5
  3416 | D:4      | Noticed Ijyb
  3432 | D:4      | Killed Ijyb
  3748 | D:4      | HP: 2/52 [something/puff of flame (7)]
  3751 | D:4      | Slain by an orc wizard

Illustrated notes

Levels and vault maps discovered:
D:1:      shiori_shiawase, layout_basic, hangedman_feature_mirror
D:2:      minmay_recursive_quarters, layout_basic
D:3:      layout_loops_ring, kennysheep_vampire_church,
          shapermc_ecumenical_altar_flowoftime, gammafunk_ghost_abyssal_escape
D:4:      layout_basic, uniq_ijyb

Skill      XL: |  1  2  3  4  5 |
---------------+----------------+-----
Axes           | 2 |  2.8
Shields        | 3 4 |  4.2
Dodging        | 1 |  1.9
Armour         | 3 |  3.4
Fighting       | 4 |  4.3

Action                   |  1- 3 |  4- 6 || total
-------------------------+-------+-------++-------
Melee: War axe           |   122 |   135 ||   257
  Use: Potion            |       |     1 ||     1
Armor: Scale mail        |    99 |    87 ||   186
Dodge: Dodged            |    63 |   103 ||   166
Block: Buckler           |    23 |    34 ||    57

Table legend: (Time is in decaauts)
 A = Elapsed time spent in this place.
 B = Non-inter-level travel time spent in this place.
 C = Inter-level travel time spent in this place.
 D = Time resting spent in this place.
 E = Time spent auto-exploring this place.
 F = Levels seen in this place.
 G = Mean time per level.
                   A        B        C        D        E       F      G
               +--------+--------+--------+--------+--------+-----+--------+
         Total |   3861 |   3741 |    120 |    314 |   2747 |   4 |  965.2 |
       Dungeon |   3861 |   3741 |    120 |    314 |   2747 |   4 |  965.2 |
               +--------+--------+--------+--------+--------+-----+--------+

Top non-repeatable levels by time:
     D:3: 1222 daAuts
     D:1: 1161 daAuts
     D:2: 960 daAuts
     D:4: 517 daAuts
